 Dungeon Crawl Stone Soup version 0.28-a0-828-g0121872642 (webtiles) character file.

Game seed: 16014484883230915591

2962 cheechan the Quickloader (level 9, -3/82 HPs)
             Began as a Naga Hunter on Nov 10, 2021.
             Was an Elder of Okawaru.
             Slain by a catoblepas (8 damage)
             ... while petrified by a catoblepas
             ... on level 7 of the Dungeon.
             The game lasted 00:37:17 (8669 turns).

cheechan the Quickloader (Naga Hunter)              Turns: 8669, Time: 00:37:18

Health: -3/82      AC: 11    Str: 15    XL:     9   Next: 81%
Magic:  9/9        EV:  1    Int: 12    God:    Okawaru [****..]
Gold:   497        SH:  0    Dex: 14    Spells: 8/8 levels left

rFire   . . .      SeeInvis +   a - +5 hand crossbow
rCold   . . .      Faith    +   x - +1 buckler {rN+}
rNeg    + + +      Spirit   .   o - +0 ring mail
rPois   ∞          Reflect  .   q - +2 hat
rElec   .          Harm     .   (no cloak)
rCorr   .          Rampage  .   p - +2 pair of gloves
Will    +....                   (no barding)
Stlth   ++........              h - amulet of faith
HPRegen 0.23/turn               c - +4 ring of slaying
MPRegen 0.11/turn               C - +4 ring of evasion

@: petrified, very slow
A: AC +3, large, see invisible, deformed body, poison resistance, slowness 2,
spit poison 1, naga tail 1
a: Spit Poison, Renounce Religion, Heroism, Finesse


You were on level 7 of the Dungeon.
You worshipped Okawaru.
Okawaru was greatly pleased with you.
You visited 2 branches of the dungeon, and saw 8 of its levels.
You also visited: Ossuary.

You collected 497 gold pieces.

Inventory:

Hand Weapons
 a - a +5 hand crossbow (weapon)
 b - a +0 hunting sling
 g - a +0 demon trident
 j - a +3 dagger
 F - a +2 short sword of speed
 G - a +0 shortbow of flaming
Missiles
 d - 29 bolts (quivered ammo)
 l - 44 sling bullets
 m - 90 arrows
 r - 2 atropa-tipped darts
 E - 2 silver javelins
Armour
 o - a +0 ring mail (worn)
 p - a +2 pair of gloves (worn)
 q - a +2 hat (worn)
 x - a +1 buckler of positive energy (worn)
 A - a +1 helmet
Jewellery
 c - a +4 ring of slaying (left hand)
 h - an amulet of faith (around neck)
 w - a ring of wizardry
 C - a +4 ring of evasion (right hand)
Wands
 D - a wand of polymorph (5)
Scrolls
 i - a scroll of enchant weapon
 k - 3 scrolls of blinking
 t - 4 scrolls of teleportation
 y - a scroll of magic mapping
Potions
 e - 4 potions of haste
 f - 2 potions of might
 n - 2 potions of flight {unknown}
 s - 2 potions of brilliance
 u - 5 potions of curing
 z - a potion of cancellation


   Skills:
 + Level 6.1 Fighting
 + Level 9.1 Crossbows
 + Level 4.7 Armour
 + Level 3.2 Dodging
 + Level 3.5 Stealth
 + Level 2.2 Shields


You had 8 spell levels left.
You didn't know any spells.
Your spell library contained the following spells:

 Spells                   Type           Power      Damage    Failure   Level
 Pain                     Necr           0%         1d4       54%         1
 Blink                    Tloc           0%         N/A       67%         2
 Wereblood                Tmut           0%         N/A       67%         2
 Inner Flame              Hex/Fire       0%         N/A       88%         3
 Portal Projectile        Hex/Tloc       0%         N/A       88%         3
 Airstrike                Air            0%         N/A       99%         4
 Cause Fear               Hex            0%         N/A       99%         4
 Leda's Liquefaction      Hex/Erth       0%         N/A       99%         4
 Agony                    Necr           0%         N/A       100%        5
 Excruciating Wounds      Necr           0%         N/A       100%        5
 Lightning Bolt           Conj/Air       0%         1d11      100%        5
 Manifold Assault         Tloc           0%         N/A       100%        5
 Storm Form               Tmut/Air       0%         N/A       100%        7
 Discord                  Hex            0%         N/A       100%        8
 Maxwell's Capacitive Co  Air            0%         ∞         100%        8
 Call Canine Familiar     Summ           Unusable   N/A       N/A         3
 Summon Lightning Spire   Summ/Air       Unusable   N/A       N/A         4

Dungeon Overview and Level Annotations

Branches:
Dungeon (7/15)             Temple (1/1) D:4         Ossuary (visited)

Altars:
Gozag
Kikubaaqudgha
Okawaru
Sif Muna
Trog

Shops:
D:1 :


Innate Abilities, Weirdness & Mutations

Your serpentine skin is tough. (AC +3)
You have supernaturally acute eyesight. (SInv)
Armour fits poorly on your strangely shaped body.
Your system is resistant to poisons. (rPois)
You cover ground very slowly.
You can spit poison.
You have a snake-like lower body.


Message History

The catoblepas gores you!
Fire: 31 bolts
Press: ? - help, Shift-Dir - straight line, f/p - catoblepas
Aim: a catoblepas (moderately wounded, poisoned, 93% to hit)
You shoot a bolt. The bolt barely misses the catoblepas.
The catoblepas breathes a plume of calcifying dust at you.
The blast of calcifying dust hits you.
Fire: 30 bolts
Press: ? - help, Shift-Dir - straight line, f/p - catoblepas
Aim: a catoblepas (calcifying dust, moderately wounded, poisoned, 93% to hit)
You shoot a bolt. The bolt hits the catoblepas!
The catoblepas is heavily wounded.
The catoblepas gores you!
The catoblepas breathes a plume of calcifying dust at you.
The blast of calcifying dust hits you but does no damage.
You feel much better.
You are engulfed in calcifying dust.
You are slowing down.
The catoblepas looks more healthy.
The catoblepas breathes a plume of calcifying dust at you.
The blast of calcifying dust hits you.
You have got your breath back.
The catoblepas breathes a plume of calcifying dust at you.
The blast of calcifying dust hits you.
You have turned to stone.
You are engulfed in calcifying dust.
The catoblepas breathes a plume of calcifying dust at you.
The blast of calcifying dust hits you.
You are engulfed in calcifying dust.
The catoblepas gores you!!
You are engulfed in calcifying dust.
The catoblepas breathes a plume of calcifying dust at you.
The blast of calcifying dust hits you. The catoblepas gores you!!
The catoblepas gores you but does no damage.
The catoblepas gores you!!
* * * LOW HITPOINT WARNING * * *
The catoblepas gores you!!
* * * LOW HITPOINT WARNING * * *
The catoblepas gores you.
* * * LOW HITPOINT WARNING * * *
The catoblepas gores you!
You die...

#....#.....# #.....
##...#.....# ##....
#...##...## ###...
########'#########.....
##...##.....##...##.####
#$...$#.....#.....#.#
#(...((..8..'.†...#.#
#[...[#Y....#.....#.#
##...##@....##...##.#
#### #.....#######.#
#.†...........#
###############


You could see a catoblepas.

Vanquished Creatures
  A vampire (D:7)
  Sigmund (D:3)
  A wraith (D:7)
  3 orc warriors
  2 sky beasts (D:6)
  A necrophage (D:7)
  A centaur (D:7)
  2 wyvern zombies (Ossuary)
  A scorpion (D:6)
  A wyvern skeleton (D:7)
  2 water moccasin zombies (Ossuary)
  The ghost of ALWAYSlose the Skirmisher, a weakling DsBe of Trog (D:3)
  A vampire bat (D:4)
  2 electric eels (D:6)
  A howler monkey (D:7)
  3 centaur zombies
  3 bullfrog zombies (Ossuary)
  5 orc priests
  2 centaur skeletons
  A hound (D:5)
  A jelly (D:6)
  5 iguanas
  Ijyb (D:5)
  6 orc wizards
  5 killer bee zombies
  A hound zombie (D:5)
  16 mummies
  A gnoll (D:2)
  5 adders
  A white imp (D:6)
  2 ufetubi
  A worm (D:3)
  2 dart slugs (D:1)
  18 orcs
  A bat skeleton (D:4)
  4 bat zombies (D:4)
  11 endoplasms
  3 giant cockroaches
  7 goblins
  7 hobgoblins
  10 jackals
  5 quokkas
  6 ball pythons
  9 bats
  2 frilled lizards
  8 kobolds
  7 rats
180 creatures vanquished.

Vanquished Creatures (others)
  28 plants (D:6)
  11 withered plants (Ossuary)
39 creatures vanquished.

Grand Total: 219 creatures vanquished

Notes
Turn   | Place    | Note
-------+----------+-------------------------------------------
     0 | D:1      | cheechan the Naga Hunter began the quest for the Orb.
     0 | D:1      | Reached XP level 1. HP: 19/19 MP: 1/1
   455 | D:1      | Reached XP level 2. HP: 26/26 MP: 2/2
   565 | D:1      | Reached skill level 4 in Crossbows
   962 | D:1      | Reached XP level 3. HP: 29/32 MP: 3/3
   999 | D:1      | Found Yhuso's Book Shoppe.
  1638 | D:2      | Reached skill level 1 in Armour
  1638 | D:2      | Reached XP level 4. HP: 10/40 MP: 4/4
  3073 | D:3      | Found a large runed translucent door.
  3073 | D:3      | Found a large runed translucent door.
  3080 | D:3      | Noticed ALWAYSlose's ghost (weakling DsBe)
  3162 | D:3      | Found a faded altar of an unknown god.
  3437 | D:3      | Reached XP level 5. HP: 46/46 MP: 5/5
  3463 | D:3      | Noticed Sigmund
  3482 | D:3      | Killed Sigmund
  3483 | D:3      | Reached skill level 5 in Crossbows
  3483 | D:3      | Reached XP level 6. HP: 16/56 MP: 6/6
  3796 | D:3      | Killed ALWAYSlose's ghost
  4219 | D:4      | Found a staircase to the Ecumenical Temple.
  4267 | Temple   | Entered the Ecumenical Temple
  4289 | Temple   | Became a worshipper of Warmaster Okawaru
  4568 | D:4      | Reached XP level 7. HP: 61/62 MP: 7/7
  4704 | D:4      | Reached skill level 6 in Crossbows
  4719 | D:4      | Found an ancient bone altar of Kikubaaqudgha.
  5030 | D:5      | Entered Level 5 of the Dungeon
  5104 | D:5      | Found a sand-covered staircase.
  5116 | Ossuary  | Entered an ossuary
  5142 | Ossuary  | Reached * piety under Okawaru
  5197 | Ossuary  | Reached skill level 1 in Shields
  5207 | Ossuary  | Reached skill level 7 in Crossbows
  5207 | Ossuary  | Reached XP level 8. HP: 41/72 MP: 8/8
  5568 | Ossuary  | Reached ** piety under Okawaru
  5893 | D:5      | Noticed Ijyb
  5912 | D:5      | Killed Ijyb
  5939 | D:5      | Found a shimmering blue altar of Sif Muna.
  5956 | D:5      | Got Sif Muna's Catalogue of Transmutation
  5999 | D:5      | Reached skill level 5 in Fighting
  6045 | D:5      | Found a bloodstained altar of Trog.
  6149 | D:5      | Reached skill level 8 in Crossbows
  6574 | D:6      | Found an opulent altar of Gozag.
  6675 | D:6      | Reached XP level 9. HP: 81/81 MP: 9/9
  7022 | D:6      | Reached *** piety under Okawaru
  7069 | D:6      | Identified a scroll of acquirement
  7069 | D:6      | Acquired a +1 buckler of positive energy
  7107 | D:6      | HP: 1/81 [electric eel/bolt of electricity (10)]
  8573 | D:7      | Reached skill level 9 in Crossbows
  8636 | D:7      | Reached **** piety under Okawaru
  8652 | D:7      | Noticed a catoblepas
  8669 | D:7      | Slain by a catoblepas

Illustrated notes

Levels and vault maps discovered:
D:1:      nagdon_arrival_zigzag_paths, layout_basic, serial_shops, shop_coins,
          minmay_tiny_reverse_x
D:2:      layout_rooms, serial_co_window_serial, co_window_of_opportunity_a,
          co_window_corner_a, co_window_paths_b, co_window_paths_b,
          co_window_paths_a, co_window_paths_a, co_window_corner_a,
          co_window_paths_a, co_window_of_opportunity_a, co_window_broadway_b,
          co_window_broadway_c, co_window_corner_b, co_window_broadway_c,
          co_window_unsneaky_path_c, co_window_corner_cb, co_window_paths_c,
          co_window_4corner_a, minmay_tall_x
D:3:      layout_basic, ebering_ghost_disaster_area,
          hellmonk_ecumenical_altar_run_dry, minmay_cupped, uniq_sigmund
D:4:      layout_loops_corners, kennysheep_vampire_church, temple_pool_b
D:5:      layout_basic, nzn_overflow_gifts_of_might_and_magic,
          gup_ossuary_entry_pyramid, uniq_ijyb
D:6:      layout_loops_ring, grunt_gozag_statues, serial_bayou,
          serial_bayou_lagoon_a, serial_bayou_lake_a, serial_bayou_lagoon_b,
          serial_bayou_shore_a, serial_bayou_ford_a
D:7:      layout_rooms, mainiacjoe_overflow_divided_tiny, minmay_three_doors
Temple:   minmay_temple_forest_path

Skill      XL: |  1  2  3  4  5  6  7  8  9 |
---------------+----------------------------+-----
Crossbows      | 4 5 7 8 9 |  9.1
Armour         | 1 2 3 4 |  4.7
Fighting       | 3 4 5 6 |  6.1
Dodging        | 2 3 |  3.2
Stealth        | 2 3 |  3.5
Shields        | 1 2 |  2.2

Action                   |  1- 3 |  4- 6 |  7- 9 || total
-------------------------+-------+-------+-------++-------
Melee: Hand crossbow     |     4 |    21 |    14 ||    39
 Fire: Hand crossbow     |    62 |   112 |   248 ||   422
 Abil: Spit Poison       |    12 |    21 |    35 ||    68
  Use: Scroll            |     4 |     8 |    10 ||    22
       Potion            |       |       |     3 ||     3
Armor: Leather armour    |    16 |    14 |       ||    30
       Ring mail         |       |    16 |    90 ||   106
Dodge: Dodged            |    31 |    53 |    67 ||   151
Block: Buckler           |       |    26 |    49 ||    75

Table legend: (Time is in decaauts)
 A = Elapsed time spent in this place.
 B = Non-inter-level travel time spent in this place.
 C = Inter-level travel time spent in this place.
 D = Time resting spent in this place.
 E = Time spent auto-exploring this place.
 F = Levels seen in this place.
 G = Mean time per level.
                   A        B        C        D        E       F      G
               +--------+--------+--------+--------+--------+-----+--------+
         Total |  11411 |  11411 |      0 |   1483 |      0 |   9 | 1267.9 |
       Dungeon |  10521 |  10521 |      0 |   1268 |      0 |   7 | 1503.0 |
        Temple |     61 |     61 |      0 |      0 |      0 |   1 |   61.0 |
       Ossuary |    828 |    828 |      0 |    215 |      0 |   1 |  828.0 |
               +--------+--------+--------+--------+--------+-----+--------+

Top non-repeatable levels by time:
     D:2: 2190 daAuts
     D:6: 1789 daAuts
     D:1: 1757 daAuts
     D:4: 1595 daAuts
     D:5: 1177 daAuts
     D:3: 1012 daAuts
     D:7: 998 daAuts
 Ossuary: 828 daAuts
  Temple: 61 daAuts
